 Dungeon Crawl Stone Soup version 0.26.0-10-g1f06aea511 (webtiles) character file.

Game seed: 16051704876986291583

1120 Borgoz the Skirmisher (level 8, -2/68 HPs)
             Began as a Ghoul Gladiator on Jan 17, 2021.
             Killed from afar by an orc wizard (11 damage)
             ... with a puff of flame
             ... on level 5 of the Dungeon.
             The game lasted 00:05:33 (5347 turns).

Borgoz the Skirmisher (Ghoul Gladiator)             Turns: 5347, Time: 00:05:33

Health: -2/68      AC: 10    Str: 18    XL:     8   Next: 34%
Magic:  7/7        EV: 14    Int:  3    God:
Gold:   381        SH:  5    Dex: 18    Spells: 7/7 levels left

rFire    . . .     SeeInvis .   a - +0 long sword
rCold    + . .     Faith    .   r - +0 buckler
rNeg     + + +     Spirit   .   i - +0 ring mail (curse)
rPois    ∞         Reflect  .   c - +0 helmet
rElec    .         Harm     .   g - +1 cloak
rCorr    +         Rampage  .   e - +0 pair of gloves
Will     .....                  (no boots)
Stlth    +.........             (no amulet)
HPRegen  0.00/turn              b - ring of resist corrosion
MPRegen  0.10/turn              o - +6 ring of dexterity

@: no status effects
A: claws 1, cold resistance 1, negative energy resistance 3, inhibited
regeneration, torment resistance, unbreathing
a: no special abilities


You were on level 5 of the Dungeon.
You visited 1 branch of the dungeon, and saw 6 of its levels.

You collected 381 gold pieces.

Inventory:

Hand Weapons
 a - a +0 long sword (weapon)
Armour
 c - a +0 helmet (worn)
 e - a +0 pair of gloves (worn)
 g - a +1 cloak (worn)
 i - a cursed +0 ring mail (worn)
 r - a +0 buckler (worn)
 y - the cursed +0 leather armour of the Blind Marksman {Regen+ Str+3, unknown}
   (You found it on level 5 of the Dungeon)

   It affects your strength (+3).
   It increases your rate of regeneration.
   It has a curse placed upon it.
Jewellery
 b - a ring of resist corrosion (left hand)
 o - a +6 ring of dexterity (right hand)
Wands
 d - a wand of flame (4)
 B - a wand of random effects (18)
 C - a wand of enslavement (10)
Scrolls
 f - a scroll of amnesia {unknown}
 h - 6 scrolls of identify {unknown}
 m - 4 scrolls of remove curse {unknown}
 q - 2 scrolls of fog {unknown}
 s - a scroll of fear {unknown}
 t - 2 scrolls of enchant weapon {unknown}
 u - a scroll of immolation {unknown}
 A - a scroll of noise {unknown}
Potions
 j - 2 potions of ambrosia {unknown}
 k - 3 potions of haste
 l - a potion of curing {unknown}
 n - 2 potions of lignification {unknown}
 p - a potion of berserk rage {unknown}
 v - 2 potions of attraction {unknown}
 w - a potion of heal wounds
 x - a potion of cancellation {unknown}
 z - a potion of resistance


   Skills:
 + Level 5.2 Fighting
 + Level 4.8 Long Blades
 - Level 1.7 Throwing
 + Level 3.7 Armour
 + Level 4.8 Dodging
 + Level 3.2 Shields


You had 7 spell levels left.
You didn't know any spells.
Your spell library was empty.

Dungeon Overview and Level Annotations

Branches:
Dungeon (6/15)
 Temple: D:4-7

Altars:
Cheibriados
Elyvilon
Fedhas
Qazlal
Ru
Sif Muna
Trog
Vehumet


Innate Abilities, Weirdness & Mutations

You thrive by killing the living.
You are immune to poison.
You have sharp fingernails.
Your flesh is cold resistant. (rC+)
You are immune to negative energy. (rN+++)
You do not regenerate when monsters are visible.
You are immune to unholy pain and torment.
You can survive without breathing.


Message History

The orc priest hits you but does no damage.
You slash the orc priest!
The orc priest is heavily wounded.
The orc wizard misses you.
The orc priest hits you with a +0 flail.
You closely miss the orc priest.
The orc priest is heavily wounded.
The orc wizard misses you.
The orc priest invokes the aid of Beogh against you.
Beogh smites you!
* * * LOW HITPOINT WARNING * * *
You hit the orc priest.
The orc priest is severely wounded.
The orc wizard misses you.
You riposte.
You hit the orc wizard but do no damage.
The orc priest hits you with a +0 flail.
* * * LOW HITPOINT WARNING * * *
The orc wizard points at you and mumbles some strange words.
The puff of flame hits you!
You die...

### ###
##.#################
..######...##.##@oc.......#
...............#o########.#
..######.......oo# #.# .##
##.##...### #[# .# #####.##
#.# (# #.# #.# .# #.# #.# #
.# ##'## #.# # .# ##...##
#######.#### #


You could see a centaur, an orc priest, an orc wizard and 2 orcs.

Vanquished Creatures
  Duvessa (D:4)
  A sky beast (D:4)
  A phantom (D:5)
  An ogre (D:5)
  A hornet zombie (D:5)
  A centaur (D:5)
  Dowan (D:4)
  A scorpion (D:3)
  A killer bee (D:3)
  A howler monkey (D:6)
  A hound (D:4)
  4 worker ants
  A hound skeleton (D:4)
  4 gnolls
  A gnoll zombie (D:4)
  An orc zombie (D:4)
  11 adders
  An ufetubus (D:5)
  6 worms
  2 dart slugs (D:2)
  2 leopard geckos
  2 orcs (D:3)
  6 giant cockroaches
  12 goblins
  10 hobgoblins
  5 kobolds
  A quokka (D:3)
  5 ball pythons
  8 bats
  11 frilled lizards
  A quokka skeleton (D:4)
  9 rats
114 creatures vanquished.

Vanquished Creatures (others)
  2 fungi (D:2)
  A plant (D:2)
3 creatures vanquished.

Grand Total: 117 creatures vanquished

Notes
Turn   | Place    | Note
-------+----------+-------------------------------------------
     0 | D:1      | Borgoz the Ghoul Gladiator began the quest for the Orb.
     0 | D:1      | Reached XP level 1. HP: 17/17 MP: 0/0
    57 | D:1      | Reached XP level 2. HP: 25/25 MP: 1/1
   680 | D:2      | Reached XP level 3. HP: 28/30 MP: 2/2
   809 | D:2      | Found a snail-covered altar of Cheibriados.
   894 | D:2      | Reached skill level 1 in Armour
   933 | D:2      | Found a radiant altar of Vehumet.
   968 | D:2      | Found a blossoming altar of Fedhas.
   969 | D:2      | Found a stormy altar of Qazlal.
  1146 | D:2      | Reached skill level 3 in Fighting
  1146 | D:2      | Reached XP level 4. HP: 29/38 MP: 3/3
  1580 | D:2      | Found a bloodstained altar of Trog.
  1807 | D:3      | Reached XP level 5. HP: 45/45 MP: 4/4
  2264 | D:3      | Reached skill level 1 in Shields
  2264 | D:3      | Reached XP level 6. HP: 44/52 MP: 5/5
  2667 | D:4      | Noticed a sky beast
  2689 | D:4      | Killed a sky beast
  2690 | D:4      | Reached skill level 4 in Fighting
  2906 | D:4      | Reached XP level 7. HP: 57/59 MP: 6/6
  2921 | D:4      | Found a transporter.
  3092 | D:4      | Found a transporter.
  3121 | D:4      | Noticed Duvessa
  3121 | D:4      | Noticed Dowan
  3155 | D:4      | Killed Duvessa
  3162 | D:4      | Killed Dowan
  3904 | D:5      | Entered Level 5 of the Dungeon
  3908 | D:5      | Found a sacrificial altar of Ru.
  3910 | D:5      | Got a brightly glowing leather armour
  4335 | D:5      | Reached XP level 8. HP: 67/67 MP: 7/7
  4478 | D:5      | Reached skill level 5 in Fighting
  5024 | D:5      | Found a shimmering blue altar of Sif Muna.
  5031 | D:5      | Found a white marble altar of Elyvilon.
  5035 | D:5      | Found a sacrificial altar of Ru.
  5347 | D:5      | Killed from afar by an orc wizard

Illustrated notes

Levels and vault maps discovered:
D:1:      dpeg_arrival_tiny_k, layout_rooms, minmay_pentomino_x2
D:2:      layout_loops_ring, marbit_many_paths, lemuel_round_altar,
          grunt_temple_overflow_forces_of_nature, kennysheep_slug_shrine
D:3:      minmay_bubble_buster, layout_basic
D:4:      gammafunk_cloud_chamber, layout_cave_pods, uniq_duvessa
D:5:      layout_loops_corners, minmay_overflow_temple_star_quad,
          nicolae_ru_awakened_eye, uniq_menkaure
D:6:      layout_cave_pools, serial_shops, shop, fedhas_altar_3

Skill      XL: |  1  2  3  4  5  6  7  8 |
---------------+-------------------------+-----
Long Blades    | 3 4 |  4.8
Dodging        | 3 4 |  4.8
Armour         | 1 2 3 |  3.7
Fighting       | 3 4 5 |  5.2
Shields        | 1 2 3 |  3.2
Throwing       | |  1.7

Action                   |  1- 3 |  4- 6 |  7- 9 || total
-------------------------+-------+-------+-------++-------
Melee: Long sword        |   102 |   186 |   149 ||   437
Throw: Throwing net      |       |     3 |     1 ||     4
  Use: Potion            |       |       |     2 ||     2
Armor: Leather armour    |    14 |       |       ||    14
       Ring mail         |    37 |    73 |    54 ||   164
Dodge: Dodged            |    63 |   124 |   128 ||   315
Block: Buckler           |       |    30 |    34 ||    64
       Rpst.: Long sword |    23 |    40 |    33 ||    96
